AoeStats
← xXLuisVeraXx

Arena

508579414Analyzed
4v4 RM · 11d ago on Sep 23, 2026· 64m 39s· 8 players
Game mode
Random Map
Map size
Large (8 player)
Population
200
Speed
Normal
Resources
Standard
Victory
Conquest
Starting age
Dark Age
Ending age
Imperial Age
RankedLock teamsTeams togetherTeam positionsShared explorationLock speedFull tech treeHidden civsTurbo modeCheats
Victory
Defeat
🇨🇱 Teutons · Chile
899
+11
🇨🇱 Bohemians · Chile
848
+13
812
+14
🇨🇱 Bulgarians · Chile
686
+20
🇺🇸 Franks · United States
846
-17
🇺🇸 Khmer · United States
808
-16
🇺🇸 Cumans · United States
733
-13
🇺🇸 Britons · United States
718
-12
TheFox
12:05 Feudal Age
17:34 Castle Age
19:01 Light Cavalry
21:15 Pikeman
27:03 Fletching
27:14 Padded Archer Armor
30:56 Double-Bit Axe
38:45 Imperial Age
36:47 Horse Collar
37:58 Gold Mining
42:57 Chemistry
46:02 Bodkin Arrow
46:23 Leather Archer Armor
48:30 Halberdier
carlosschupnik
1:03 Loom
12:41 Feudal Age
14:18 Double-Bit Axe
15:10 Wheelbarrow
14:44 Gold Mining
14:44 Stone Mining
19:11 Castle Age
20:04 Bow Saw
21:36 Horse Collar
28:01 Tusk Swords
28:05 Husbandry
28:16 Bloodlines
27:26 Light Cavalry
30:08 Hand Cart
29:39 Town Watch
29:57 Padded Archer Armor
29:48 Fletching
30:43 Caravan
31:59 Leather Archer Armor
31:39 Bodkin Arrow
32:02 Heavy Plow
32:21 Murder Holes
32:36 Fortified Wall
38:08 Imperial Age
35:52 Town Patrol
37:55 Scale Barding Armor
37:51 Scale Mail Armor
38:01 Forging
38:21 Ballistics
38:15 Elite Ballista Elephant
38:56 Double Crossbow
39:17 Conscription
40:04 Chemistry
39:37 Ring Archer Armor
39:07 Bracer
39:48 Crop Rotation
40:15 Chain Barding Armor
40:36 Hussar
52:58 Gold Shaft Mining
53:17 Chain Barding Armor
53:32 Iron Casting
Jonda
2:49 Loom
10:01 Feudal Age
15:53 Castle Age
16:37 Stone Mining
16:41 Double-Bit Axe
32:25 Imperial Age
29:52 Gold Mining
30:55 Ballistics
30:49 Forging
30:36 Town Watch
31:12 Husbandry
31:40 Bow Saw
31:41 Fletching
31:48 Treadmill Crane
32:49 Wheelbarrow
32:44 Bodkin Arrow
32:44 Cavalier
34:13 Conscription
34:21 Chivalry
34:00 Heavy Mounted Crossbowman
34:41 Ordonnance Companies
34:45 Cranequins
35:46 Caravan
37:06 Chemistry
37:28 Hand Cart
38:17 Gold Shaft Mining
38:18 Light Cavalry
39:19 Paladin
43:37 Town Patrol
44:41 Treadmill Crane
52:45 Elite Skirmisher
xXLuisVeraXx
11:57 Feudal Age
13:13 Double-Bit Axe
13:16 Horse Collar
14:35 Loom
15:27 Wheelbarrow
20:13 Castle Age
21:08 Crossbowman
24:39 Fletching
24:49 Padded Archer Armor
24:56 Scale Barding Armor
25:03 Forging
28:31 Bodkin Arrow
32:04 Leather Archer Armor
32:27 Iron Casting
36:43 Hand Cart
36:09 Pikeman
40:50 Fortified Wall
40:33 Heated Shot
44:23 Ballistics
48:56 Elite Skirmisher
52:39 Imperial Age
53:27 Halberdier
El Cachero de las Pampas
11:27 Feudal Age
17:02 Castle Age
16:21 Stone Mining
19:34 Double-Bit Axe
20:43 Bow Saw
21:50 Forging
21:46 Loom
22:18 Pikeman
23:16 Scale Mail Armor
28:30 Chain Mail Armor
28:21 Scale Barding Armor
30:48 Gold Mining
32:03 Wheelbarrow
34:18 Iron Casting
33:51 Gambesons
34:20 Husbandry
35:17 Squires
35:03 Arson
35:52 Hand Cart
37:45 Gold Shaft Mining
37:02 Town Watch
38:08 Chain Barding Armor
40:25 Caravan
44:37 Imperial Age
42:31 Treadmill Crane
42:46 Murder Holes
43:13 Ballistics
43:04 Masonry
43:07 Fortified Wall
46:19 Plate Mail Armor
46:50 Blast Furnace
46:26 Plate Barding Armor
47:09 Chemistry
46:52 Cavalier
48:48 Architecture
48:23 Siege Engineers
48:20 Town Patrol
48:39 Chivalry
49:00 Conscription
48:50 Capped Ram
49:53 Paladin
51:51 Hoardings
53:07 Fletching
53:17 Padded Archer Armor
54:46 Onager
57:32 Halberdier
57:35 Light Cavalry
The_br4ve ®
11:19 Feudal Age
13:33 Double-Bit Axe
15:50 Castle Age
22:14 Wheelbarrow
21:44 Loom
22:26 Town Watch
22:43 Horse Collar
27:22 Redemption
27:27 Fervor
28:46 Ballistics
28:37 Wagenburg Tactics
29:12 Fletching
30:04 Pikeman
30:55 Heavy Plow
32:22 Chemistry
31:20 Murder Holes
31:55 Hand Cart
31:50 Town Patrol
36:01 Imperial Age
33:51 Padded Archer Armor
35:29 Bodkin Arrow
36:17 Bow Saw
36:36 Leather Archer Armor
36:48 Siege Engineers
37:05 Bracer
37:53 Houfnice
42:25 Heavy Scorpion
44:19 Forging
44:34 Masonry
47:51 Iron Casting
48:42 Ring Archer Armor
50:43 Halberdier
53:12 Capped Ram
55:15 Blast Furnace
59:22 Two-Man Saw
Gelblich
12:10 Feudal Age
16:07 Castle Age
14:19 Double-Bit Axe
16:52 Horse Collar
20:52 Loom
22:12 Fervor
26:01 Bloodlines
27:10 Wheelbarrow
27:27 Caravan
29:48 Pikeman
30:29 Squires
31:43 Hand Cart
35:39 Imperial Age
33:14 Fletching
33:35 Forging
38:05 Chemistry
37:11 Siege Engineers
37:27 Ballistics
37:18 Masonry
36:33 Cavalier
37:51 Iron Casting
37:22 Scale Barding Armor
37:18 Scale Mail Armor
37:19 Padded Archer Armor
38:20 Halberdier
39:34 Conscription
39:10 Paladin
41:28 Blast Furnace
42:46 Chain Mail Armor
42:52 Chain Barding Armor
42:28 Bodkin Arrow
42:49 Leather Archer Armor
43:04 Crenellations
42:05 Elite Teutonic Knight
43:07 Ironclad
48:01 Plate Mail Armor
48:07 Plate Barding Armor
48:02 Ring Archer Armor
48:12 Fortified Wall
59:30 Devotion
Govekin
13:32 Feudal Age
11:48 Loom
19:52 Castle Age
21:47 Double-Bit Axe
28:22 Horse Collar
28:23 Pikeman
29:06 Husbandry
29:17 Bloodlines
29:46 Gambesons
30:01 Squires
29:47 Arson
31:40 Gold Mining
31:42 Stone Mining
36:16 Stone Shaft Mining
36:16 Gold Shaft Mining
36:41 Wheelbarrow
35:52 Town Watch
36:41 Heavy Plow
37:38 Masonry
38:16 Forging
38:07 Scale Mail Armor
38:12 Scale Barding Armor
39:28 Hand Cart
50:04 Chain Barding Armor
49:59 Chain Mail Armor
50:19 Iron Casting
51:58 Town Patrol
54:36 Imperial Age
53:53 Caravan
54:24 Coinage
55:58 Halberdier
57:54 Plate Barding Armor
57:49 Plate Mail Armor
58:19 Blast Furnace
60:25 Blast Furnace
63:55 Crop Rotation
64:12 Gold Shaft Mining
63:55 Elite Konnik
Connection lost

Rejoining the realm…

Still unreachable

The connection could not be restored.

Session expired

The server has moved on; the page needs a fresh start.